 Dungeon Crawl Stone Soup version 0.21.1-1-g345015f (webtiles) character file.

429 kae the Chopper (level 6, -4/56 HPs)
             Began as a Hill Orc Fighter on May 31, 2018.
             Killed by divine providence
             ... invoked by an orc priest
              (12 damage)
             ... on level 4 of the Dungeon.
             The game lasted 00:03:17 (3623 turns).

kae the Chopper (Hill Orc Fighter)                  Turns: 3623, Time: 00:03:18

Health: -4/56      AC:  7    Str: 21    XL:     6   Next: 98%
Magic:  6/6        EV:  8    Int:  8    God:
Gold:   195        SH:  9    Dex: 12    Spells: 5/5 levels left

rFire    + . .     SeeInvis .   a - +0 war axe
rCold    . . .     Gourm    .   c - +0 shield
rNeg     . . .     Faith    .   b - +0 scale mail
rPois    .         Spirit   .   (helmet restricted)
rElec    .         Reflect  .   (no cloak)
rCorr    .         Harm     .   (no gloves)
MR       .....                  (no boots)
Stlth    ..........             (no amulet)
HPRegen  0.18/turn              h - ring of protection from fire
MPRegen  0.10/turn              (no ring)

@: no status effects
A: antennae 1, agile 1
a: Convert to Beogh


You were on level 4 of the Dungeon.
You were very hungry.

You visited 1 branch of the dungeon, and saw 4 of its levels.

You collected 195 gold pieces.

Inventory:

Hand Weapons
 a - a +0 war axe (weapon)
Armour
 b - a +0 scale mail (worn)
 c - a +0 shield (worn)
Jewellery
 h - a ring of protection from fire (left hand)
 q - an uncursed amulet of rage
 r - an uncursed ring of resist corrosion {unknown}
Wands
 l - a wand of flame (9)
 s - a wand of digging (13)
Scrolls
 e - 2 scrolls of teleportation
 j - 4 scrolls of remove curse
 m - 2 scrolls of identify
Potions
 d - a potion of might
 g - 4 potions of curing
 i - a potion of flight
 n - a potion of berserk rage
 o - 2 potions of ambrosia
 p - a potion of agility {unknown}
Comestibles
 f - 9 rations


   Skills:
 + Level 5.1 Fighting
 * Level 6.3 Axes
 + Level 4.7 Armour
 + Level 2.2 Dodging
 - Level 3.2 Shields


You had 5 spell levels left.
You didn't know any spells.

Dungeon Overview and Level Annotations

Branches:
Dungeon (4/15)
 Temple: D:4-7

Altars:
Ashenzari
Hepliaklqana
Ru
Uskayaw


Innate Abilities, Weirdness & Mutations

You have a pair of small antennae on your head.
You are agile. (Dex +2)


Message History

You completely miss the orc priest. You block the orc priest's attack.
You hit the orc priest but do no damage.
The orc priest mumbles some strange prayers to Beogh against you.
Pain shoots through your body!
The orc priest shouts, "Join the one true god or die!"
You slash the orc priest!
The orc priest is severely wounded.
The orc priest mumbles some strange prayers to Beogh against you.
Pain shoots through your body!
* * * LOW HITPOINT WARNING * * *
The orc wizard gestures wildly while chanting.
The orc wizard flickers and vanishes!
Deactivating autopickup; reactivate with Ctrl-A.
You hit the orc priest.
The orc priest is severely wounded.
The orc priest hits you with a falchion.
* * * LOW HITPOINT WARNING * * *
The orc priest invokes the aid of Beogh against you.
Beogh smites you!
You die...

##...###...#....... ...
...8.............## S..
##...###.........# ....
+#.#+{##..#....(# ..... #.# {
##.#.....####..... ##.##
#.#.............. ##...##
#......#{........
#.....####......#o........
................@###......
........###....#.## .....
........###....#..# .... ......
.........##....##.## #######.....
.##...##.......##..# #≈≈≈≈≈#.....
.##...##.....#####.###≈♣.♣≈#.....
.##....#.....# #..##≈._.≈#.....
.##....#.....# #...#≈♣.♣≈#.....
####...#.....# #...#≈≈.≈≈#.....


You could see an orc priest.

Vanquished Creatures
  An ogre (D:4)
  A centaur skeleton (D:4)
  2 iguanas
  An orc wizard (D:2)
  3 worker ants (D:4)
  9 adders
  2 worms (D:2)
  2 dart slugs
  4 leopard geckos
  4 orcs
  A ball python (D:4)
  6 bats
  2 giant cockroaches
  8 hobgoblins
  10 jackals
  6 kobolds
  2 quokkas
  3 frilled lizards
  3 goblins
  5 rats
75 creatures vanquished.

Notes
Turn   | Place    | Note
-------+----------+-------------------------------------------
     0 | D:1      | kae the Hill Orc Fighter began the quest for the Orb.
     0 | D:1      | Reached XP level 1. HP: 19/19 MP: 1/1
   530 | D:1      | Reached skill level 3 in Axes
   531 | D:1      | Reached XP level 2. HP: 21/27 MP: 2/2
  1182 | D:2      | Reached XP level 3. HP: 7/33 MP: 3/3
  1183 | D:2      | Gained mutation: You have a pair of small antennae on your head. [potion of mutation]
  1183 | D:2      | Gained mutation: You are agile. (Dex +2) [potion of mutation]
  1368 | D:2      | Found a hide-covered altar of Uskayaw.
  1407 | D:2      | Reached skill level 4 in Axes
  1407 | D:2      | Reached skill level 1 in Dodging
  1407 | D:2      | Reached XP level 4. HP: 20/40 MP: 4/4
  2317 | D:3      | Reached XP level 5. HP: 47/47 MP: 5/5
  2483 | D:3      | Found a shattered altar of Ashenzari.
  2530 | D:3      | Reached skill level 5 in Axes
  2968 | D:4      | Reached XP level 6. HP: 50/53 MP: 6/6
  3003 | D:4      | Found a hazy altar of Hepliaklqana.
  3007 | D:4      | Found a sacrificial altar of Ru.
  3178 | D:4      | Reached skill level 6 in Axes
  3333 | D:4      | Reached skill level 5 in Fighting
  3623 | D:4      | Killed from afar by an orc priest

Skill      XL: |  1  2  3  4  5  6 |
---------------+-------------------+-----
Axes           | 3 4 5 6 |  6.3
Fighting       | 4 5 |  5.1
Dodging        | 1 2 |  2.2
Armour         | 4 |  4.7
Shields        | |  3.2

Action                   |  1- 3 |  4- 6 || total
-------------------------+-------+-------++-------
Melee: War axe           |    71 |   228 ||   299
  Use: Potion            |     2 |       ||     2
       Scroll            |       |     9 ||     9
  Eat: Chunk             |     2 |     6 ||     8
Armor: Scale mail        |    37 |    89 ||   126
Dodge: Dodged            |    28 |    71 ||    99
Block: Shield            |    47 |   104 ||   151
